 Dungeon Crawl Stone Soup version 0.31.0-12-g77e489cdc1 (webtiles) character file.

Game seed: 7001784932002196290

347 Silvore the Trooper (level 6, -2/48 HPs)
             Began as a Demonspawn Fighter on Feb 14, 2024.
             Slain by Duvessa
             ... wielding a +0 short sword
              (6 damage)
             ... on level 4 of the Dungeon.
             The game lasted 00:03:04 (2478 turns).

Silvore the Trooper (Demonspawn Fighter)            Turns: 2478, Time: 00:03:04

Health: -2/48      AC: 13    Str: 18    XL:     6   Next: 33%
Magic:  6/6        EV:  5    Int:  8    God:
Gold:   201        SH:  5    Dex: 13    Spells: 5/5 levels left

rFire   . . .        a - +1 long sword
rCold   . . .        c - +0 buckler
rNeg    . . .        g - +0 plate armour
rPois   .            (no helmet)
rElec   .            (no cloak)
rCorr   .            (no gloves)
SInv    .            (no boots)
Will    .....        (no amulet) Stlth
                     (no ring)
HPRegen 0.28/turn    (no ring)
MPRegen 0.20/turn

%: no passive effects
@: mighty
A: yellow scales 1, magic regeneration, weakness stinger 1
a: no special abilities


You were on level 4 of the Dungeon.
You visited 1 branch of the dungeon, and saw 4 of its levels.

You collected 201 gold pieces.

Inventory:

Hand Weapons
 a - a +1 long sword (weapon)
Missiles
 i - 2 throwing nets (quivered)
Armour
 b - a +0 scale mail
 c - a +0 buckler (worn)
 g - a +0 plate armour (worn)
Jewellery
 e - a ring of fire
Wands
 s - a wand of digging (5)
Scrolls
 d - a scroll of revelation
 n - a scroll of identify
 o - a scroll of teleportation
 t - a scroll of torment {unknown}
 u - a scroll of enchant weapon
Potions
 f - 2 potions of lignification
 h - 2 potions of enlightenment
 j - 3 potions of curing
 k - a potion of brilliance {unknown}
 l - a potion of invisibility {unknown}
 m - a potion of attraction {unknown}
 p - a potion of degeneration {unknown}
 r - a potion of mutation {unknown}
 v - a potion of heal wounds {unknown}


   Skills:
 + Level 4.2 Fighting
 + Level 3.7 Long Blades
 + Level 3.9 Armour
 + Level 0.5 Dodging
 + Level 3.8 Shields


You had 5 spell levels left.
You didn't know any spells.
Your spell library contained the following spells:

 Spells                   Type           Power      Damage    Failure   Level
 Shock                    Conj/Air       0%         1d3       100%        1
 Swiftness                Air            0%         N/A       100%        3
 Airstrike                Air            0%         2d(0-16)  100%        4
 Brom's Barrelling Bould  Conj/Erth      0%         2d3       100%        4
 Fireball                 Conj/Fire      0%         3d3       100%        5
 Iskenderun's Battlesphe  Conj           0%         2d6       100%        5
 Conjure Ball Lightning   Conj/Air       0%         3x3d6     100%        6
 Orb of Destruction       Conj           0%         9d5       100%        7


Dungeon Overview and Level Annotations

Branches:
Dungeon (4/15)
 Temple: D:4-7

Altars:
Vehumet

Shops:
D:1 !

Annotations:
D:3 1 runed translucent door
D:4 Dowan, Duvessa


Innate Abilities, Weirdness & Mutations

You are partially covered in yellow scales. (AC +2)
You regenerate magic rapidly.
You have a small tail.


Message History

The ball python hisses angrily.
You hear an angry hiss.
A ball python comes into view.
You closely miss the ball python. You tail-slap the ball python.
You kill the ball python!
You hit the ball python.
You kill the ball python!
You hear the slow hiss of a very distant avalanche of sand.
Things that are here:
a ball python corpse; a ball python corpse
Found a stone staircase leading up.
Duvessa, Sister of Dowan comes into view.
She is wielding a +0 short sword.
Duvessa shouts!
Dowan, Brother of Duvessa comes into view.
He is wielding a +2 dagger of venom.
Dowan shouts!
Duvessa hits you with a +0 short sword.
You closely miss Duvessa. Duvessa hits you but does no damage.
You hit Duvessa.
You tail-slap Duvessa, but do no damage.
Duvessa is lightly wounded.
Duvessa hits you with a +0 short sword. x2
You barely miss Duvessa.
Duvessa is lightly wounded.
Duvessa completely misses you.
You hit Duvessa.
Duvessa is lightly wounded.
Dowan casts a spell.
Dowan blinks!
Duvessa barely misses you.
You feel very mighty all of a sudden. Duvessa hits you with a +0 short sword!
* * * LOW HITPOINT WARNING * * *
You hit Duvessa.
Duvessa is moderately wounded.
Duvessa hits you with a +0 short sword!
* * * LOW HITPOINT WARNING * * *
You slash Duvessa!
Duvessa is heavily wounded.
Dowan gestures at Duvessa while chanting.
Duvessa seems to speed up.
Duvessa hits you but does no damage. Duvessa hits you with a +0 short sword.
You die...

.#.# #.#.#.#
#.# .#.#
#.....# #.#
.#.# #.###.#
#.# .#.# ..#
#.# #.# .#.#
#.# #<# #.#
.#.# # #.#
.... ... #.#
##
#..#####.#
#..ee@...#
....########
#


You could see Duvessa (fast) and Dowan.

Vanquished Creatures
  The ghost of RockinRobin the Shield-Bearer, an amateur FoFi (D:3)
  A bombardier beetle (D:4)
  A gnoll (D:1)
  2 adders
  A river rat (D:3)
  A dart slug (D:2)
  3 ribbon worms
  An orc (D:3)
  5 endoplasms
  A giant cockroach (D:3)
  4 goblins
  7 hobgoblins
  7 jackals
  5 quokkas
  8 ball pythons
  2 bats
  6 frilled lizards
  A kobold (D:2)
  5 rats
62 creatures vanquished.

Notes
Turn   | Place    | Note
-------+----------+-------------------------------------------
     0 | D:1      | Silvore the Demonspawn Fighter began the quest for the Orb.
     0 | D:1      | Reached XP level 1. HP: 18/18 MP: 1/1
   167 | D:1      | Found Xuuschehe's Distillery.
   232 | D:1      | Gained mutation: You are partially covered in yellow
                  | scales. (AC +2) [demonic ancestry]
   232 | D:1      | Reached XP level 2. HP: 12/24 MP: 2/2
   451 | D:1      | Gained mutation: You regenerate magic rapidly. [demonic
                  | ancestry]
   451 | D:1      | Reached XP level 3. HP: 29/29 MP: 3/3
  1352 | D:2      | Found a radiant altar of Vehumet.
  1645 | D:3      | Found a runed translucent door.
  1652 | D:3      | Noticed RockinRobin's ghost (amateur FoFi)
  1689 | D:3      | Found a runed translucent door.
  1714 | D:3      | Gained mutation: You have a small tail. [demonic ancestry]
  1714 | D:3      | Reached XP level 4. HP: 37/37 MP: 4/4
  1743 | D:3      | Killed RockinRobin's ghost
  1744 | D:3      | Reached skill level 4 in Fighting
  1744 | D:3      | Reached XP level 5. HP: 12/42 MP: 5/5
  1744 | D:3      | Reached XP level 6. HP: 14/48 MP: 6/6
  2468 | D:4      | Noticed Duvessa
  2469 | D:4      | Noticed Dowan
  2478 | D:4      | Slain by Duvessa

Illustrated notes

Levels and vault maps discovered:
D:1:      tekkud_arrival_beachfront_property, layout_loops_ring, serial_shops,
          nicolae_shop_tiny_real_fake_doors
D:2:      layout_basic, basic_altar
D:3:      layout_basic, ebering_ghost_sewer_f
D:4:      layout_loops_ring, chei_slow_surprise, gup_ossuary_entry_pyramid,
          uniq_edmund, uniq_duvessa

Skill      XL: |  1  2  3  4 |
---------------+-------------+-----
Long Blades    | 2 3 |  3.7
Armour         | 3 |  3.9
Shields        | 3 |  3.8
Fighting       | 4 |  4.2
Dodging        | |  0.5

Action                     |  1- 3 |  4- 6 || total
---------------------------+-------+-------++-------
  Melee: Long sword        |   164 |    67 ||   231
         Tailslap          |       |     6 ||     6
    Use: Scroll            |     5 |     4 ||     9
         Potion            |       |     2 ||     2
 Armour: Plate armour      |   191 |    51 ||   242
         Scale mail        |     2 |       ||     2
  Dodge: Dodged            |    52 |    18 ||    70
  Block: Buckler           |    50 |    16 ||    66
